 Dungeon Crawl Stone Soup version 0.32-a0-705-g60f2335 (webtiles) character file.

Game seed: 12688921488758340490

127 Dorkslayer the Ruffian (level 5, 0/36 HPs)
             Began as an Octopode Fighter on Mar 14, 2024.
             Slain by Eustachio
             ... wielding a +0 falchion
              (7 damage)
             ... on level 4 of the Dungeon.
             The game lasted 00:06:53 (2174 turns).

Dorkslayer the Ruffian (Octopode Fighter)           Turns: 2174, Time: 00:06:53

Health: 0/36       AC:  1    Str: 17      XL:     5   Next: 11%
Magic:  5/5        EV: 12    Int: 11      God:
Gold:   158        SH:  5    Dex: 15 (17) Spells: 4/4 levels left

rFire   . .          .
                       - Unarmed
rCold   . . .        a - +0 buckler
rNeg    . . .        (helmet restricted)
rPois   .            (no amulet)
rElec   .            l - +6 ring of dexterity
rCorr   .            (no ring)
SInv    .            (no ring)
Will    .....        (no ring)
Stlth   +++          (no ring)
HPRegen 0.26/turn    (no ring)
MPRegen 0.09/turn    (no ring)
                     (no ring)

%: no passive effects
@: mighty
A: almost no armour, amphibious, 8 rings, camouflage 1, gelatinous body 1,
(nimble swimmer 1), tentacles
a: no special abilities


You were on level 4 of the Dungeon.
You visited 1 branch of the dungeon, and saw 4 of its levels.

You collected 158 gold pieces.

Inventory:

Hand Weapons
 o - a +0 flail
Missiles
 d - 2 boomerangs (quivered)
Armour
 a - a +0 buckler (worn)
Jewellery
 l - a +6 ring of dexterity (left tentacle)
Scrolls
 c - a scroll of teleportation
 h - a scroll of blinking {unknown}
 i - a scroll of acquirement {unknown}
 j - 2 scrolls of fear
 m - a scroll of immolation {unknown}
 p - a scroll of fog {unknown}
Potions
 f - a potion of mutation
 g - a potion of curing
 k - a potion of ambrosia {unknown}
 n - a potion of brilliance


   Skills:
 + Level 3.4 Fighting
 + Level 3.3 Dodging
 + Level 2.2 Stealth
 + Level 3.5 Shields
 * Level 3.7 Unarmed Combat


You had 4 spell levels left.
You didn't know any spells.
Your spell library contained the following spells:

 Spells                   Type           Power      Damage    Failure   Level
 Slow                     Hex            0%         N/A       41%         1
 Sting                    Conj/Alch      0%         1d3       41%         1
 Mercury Vapours          Alch/Air       0%         N/A       56%         2
 Confusing Touch          Hex            0%         N/A       80%         3
 Vampiric Draining        Necr           0%         2d6       80%         3
 Olgreb's Toxic Radiance  Alch           0%         N/A       99%         4


Dungeon Overview and Level Annotations

Branches:
Dungeon (4/15)
 Temple: D:4-7

Altars:
Gozag

Annotations:
D:4 Eustachio


Innate Abilities, Weirdness & Mutations

You cannot wear most types of armour.
You are amphibious.
You can wear up to eight rings at the same time.
Your skin changes colour to match your surroundings (Stealth+).
Your rubbery body absorbs attacks. (AC +1, EV +1)
((You are camouflaged when in or above water. (Stealth+)))
You have tentacles for arms and can constrict up to eight enemies at once.


Message History

You tentacle-slap the crimson imp.
The crimson imp is moderately wounded.
The bat barely misses you. The quasit bites you.
You feel clumsy.
The quasit claws you. x2; The rat bites you.
The crimson imp blinks!
The crimson imp hits you. Eustachio hits you with a +0 falchion!
The quasit closely misses you. The quasit completely misses you.
The quasit misses you.
You miss the crimson imp. You grab the crimson imp.
You squeeze the crimson imp!
You kill the crimson imp!
The crimson imp disappears in a puff of smoke!
The rat closely misses you. The crimson imp hits you.
Eustachio gestures wildly while chanting.
The bat barely misses you. The quasit bites you. You block the quasit's attack.
The quasit claws you.
You miss Eustachio. Your grab misses Eustachio.
Eustachio is lightly wounded.
The crimson imp disappears in a puff of smoke!
The quasit disappears in a puff of smoke!
You block the bat's attack. You block the river rat's attack.
The rat barely misses you.
Eustachio casts a spell.
You bludgeon Eustachio! You grab Eustachio.
Eustachio is moderately wounded.
You constrict Eustachio.
The river rat disappears in a puff of smoke!
You block the bat's attack. You block Eustachio's attack.
The rat closely misses you. The river rat barely misses you.
The ufetubus barely misses you. The ufetubus hits you.
* * * LOW HITPOINT WARNING * * *
The rat bites you.
* * * LOW HITPOINT WARNING * * *
You tentacle-slap Eustachio.
Eustachio is heavily wounded.
You constrict Eustachio. The bat hits you but does no damage.
The bat barely misses you. The rat misses you.
Eustachio hits you with a +0 falchion!
You die...
Eustachio twirls his moustache.

######
#....#
#<...#
#..§.#
#..§b#####
#.r@r§...#
#.r5@###...
#..5§# .
#.5..#
#....#
.#...#
#......
####...


You could see Eustachio, a river rat (summoned), a white imp (summoned), 2
ufetubi, a bat (summoned) and 2 rats.

Vanquished Creatures
  An orc priest (D:3)
  2 adders (D:2)
  A dart slug (D:2)
  2 ribbon worms
  8 orcs (D:3)
  7 ball pythons
  6 endoplasms
  3 giant cockroaches (D:1)
  4 goblins
  A hobgoblin (D:1)
  A jackal (D:2)
  6 quokkas
  6 bats
  4 frilled lizards
  3 kobolds
  9 rats
64 creatures vanquished.

Notes
Turn   | Place    | Note
-------+----------+-------------------------------------------
     0 | D:1      | Dorkslayer the Octopode Fighter began the quest for the
                  | Orb.
     0 | D:1      | Reached XP level 1. HP: 16/16 MP: 1/1
   203 | D:1      | Reached XP level 2. HP: 21/21 MP: 2/2
   332 | D:1      | You fall into a shaft and drop 1 floor!
   778 | D:1      | Reached XP level 3. HP: 26/26 MP: 3/3
  1024 | D:2      | Found a faded altar of an unknown god.
  1231 | D:2      | Reached skill level 1 in Stealth
  1231 | D:2      | Reached XP level 4. HP: 31/31 MP: 4/4
  1738 | D:3      | Reached XP level 5. HP: 36/36 MP: 5/5
  2126 | D:3      | Found an opulent altar of Gozag.
  2159 | D:4      | Noticed Eustachio
  2174 | D:4      | Slain by Eustachio

Illustrated notes

Levels and vault maps discovered:
D:1:      dpeg_arrival_prison, layout_loops_cross,
          amcnicky_mini_corridor_feature, item_on_display_a
D:2:      layout_rooms, shapermc_ecumenical_altar_mp_urbaneastern,
          roderic_lattice_a, minmay_misc_feat_ornament, minmay_pentomino_pile
D:3:      layout_loops_cross, mainiacjoe_overflow_alcove_1, fountainhead,
          amethyst_killhole
D:4:      layout_rooms, nicolae_uskayaw_suspiria, general_overflow_altar,
          uniq_eustachio, uniq_duvessa

Skill      XL: |  1  2  3  4 |
---------------+-------------+-----
Stealth        | 1 2 |  2.2
Unarmed Combat | 3 |  3.7
Fighting       | |  3.4
Dodging        | |  3.3
Shields        | |  3.5

Action                     |  1- 3 |  4- 6 || total
---------------------------+-------+-------++-------
  Melee: Unarmed           |    76 |    43 ||   119
         Constrict         |    24 |    13 ||    37
         Tentacles         |    16 |    10 ||    26
         Punch             |     1 |     4 ||     5
    Use: Scroll            |     4 |     3 ||     7
         Potion            |       |     1 ||     1
   Stab: Sleeping          |     7 |     4 ||    11
 Armour: Skin              |    22 |    23 ||    45
  Dodge: Dodged            |    43 |    25 ||    68
  Block: Buckler           |    18 |     6 ||    24

Table legend: (Time is in decaauts)
 A = Elapsed time spent in this place.
 B = Non-inter-level travel time spent in this place.
 C = Inter-level travel time spent in this place.
 D = Time resting spent in this place.
 E = Time spent auto-exploring this place.
 F = Levels seen in this place.
 G = Mean time per level.
                   A        B        C        D        E       F      G
               +--------+--------+--------+--------+--------+-----+--------+
         Total |   2172 |   2172 |      0 |      0 |   1417 |   4 |  543.0 |
       Dungeon |   2172 |   2172 |      0 |      0 |   1417 |   4 |  543.0 |
               +--------+--------+--------+--------+--------+-----+--------+

Top non-repeatable levels by time:
     D:1: 772 daAuts
     D:3: 714 daAuts
     D:2: 670 daAuts
     D:4: 14 daAuts
